 Dungeon Crawl Stone Soup version 0.20.1-1-g8b1a95d (webtiles) character file.

15841 JeffiDaFish the Basher (level 12, -2/73 HPs)
             Began as a Gargoyle Warper on July 27, 2017.
             Was an Elder of Vehumet.
             Slain by a white ugly thing (10 damage)
             ... on level 10 of the Dungeon on July 28, 2017.
             The game lasted 01:01:49 (15971 turns).

JeffiDaFish the Basher (Gargoyle Warper)           Turns: 15971, Time: 01:01:49

Health: -2/73      AC: 20    Str: 18    XL:     12   Next: 31%
Magic:  20/21      EV: 15    Int: 17    God:    Vehumet [****..]
Gold:   912        SH:  4    Dex: 12    Spells: 0/23 levels left

rFire    . . .     SeeInvis .   B - +4 morningstar (protect)
rCold    . . .     Gourm    .   H - +0 buckler
rNeg     + . .     Faith    .   G - +2 leather armour of Ennui {rElec}
rPois    ∞         Spirit   .   (no helmet)
rElec    +         Reflect  .   I - +1 cloak
rCorr    .         Harm     .   q - +1 pair of gloves
MR       .....                  p - +0 pair of boots
Stlth    +++.......             w - amulet of magic regeneration
Regen    0.3/turn               (no ring)
MPRegen  0.3/turn               (no ring)

@: no status effects
A: clever 1, negative energy resistance 1, electricity resistance, strong 1,
unbreathing, petrification resistance, rot immunity, AC +8
a: Renounce Religion


You were on level 10 of the Dungeon.
You worshipped Vehumet.
Vehumet was greatly pleased with you.
You were very hungry.

You visited 2 branches of the dungeon, and saw 12 of its levels.
You also visited: Sewer and Ossuary.

You collected 912 gold pieces.

Inventory:

Hand Weapons
 B - a +4 morningstar of protection (weapon)
Missiles
 e - 3 tomahawks of dispersal (quivered)
 r - 23 tomahawks
Armour
 p - a +0 pair of boots (worn)
 q - a +1 pair of gloves (worn)
 G - the +2 leather armour of Ennui (worn) {rElec}
   (You found it on level 8 of the Dungeon)

   It insulates you from electricity.
 H - a +0 buckler (worn)
 I - a +1 cloak (worn)
Magical Staves
 A - an uncursed staff of conjuration
Jewellery
 w - an amulet of magic regeneration (around neck)
Wands
 i - a wand of clouds (3/9)
Scrolls
 a - 6 scrolls of teleportation
 d - 4 scrolls of blinking
 j - 3 scrolls of fear
 m - 2 scrolls of recharging
 n - a scroll of magic mapping
 o - 6 scrolls of remove curse
 v - 3 scrolls of fog
Potions
 b - 2 potions of agility
 h - a potion of magic
 t - 3 potions of curing
 x - a potion of flight {unknown}
 E - a potion of brilliance
 F - a potion of resistance
Books
 c - a book of Spatial Translocations

   Spells                             Type                      Level
   a - Blink                          Translocation                2
   b - Shroud of Golubria             Charms/Translocation         2
   c - Lesser Beckoning               Translocation                3
   d - Gell's Gravitas                Translocation                3
   e - Teleport Other                 Translocation                3
   f - Passage of Golubria            Translocation                4
 k - a book of Frost

   Spells                             Type                      Level
   a - Freeze                         Ice                          1
   b - Throw Frost                    Conjuration/Ice              2
   c - Ozocubu's Armour               Charms/Ice                   3
   d - Throw Icicle                   Conjuration/Ice              4
   e - Summon Ice Beast               Ice/Summoning                4
 u - a Young Poisoner's Handbook

   Spells                             Type                      Level
   a - Sting                          Conjuration/Poison           1
   b - Poisonous Vapours              Poison/Air                   2
   c - Mephitic Cloud                 Conjuration/Poison/Air       3
   d - Olgreb's Toxic Radiance        Poison                       4
   e - Venom Bolt                     Conjuration/Poison           5
Comestibles
 f - 4 bread rations
 g - 2 fruits
 l - 2 royal jellies
 z - 4 meat rations


   Skills:
 * Level 7.8 Fighting
 * Level 9.4(9.6) Maces & Flails
 - Level 2.9(6.6) Staves
 - Level 1.0 Throwing
 * Level 7.7 Armour
 * Level 6.6 Dodging
 + Level 5.5 Stealth
 * Level 3.2 Shields
 * Level 6.3 Spellcasting
 + Level 3.8 Conjurations
 + Level 5.0 Translocations
 + Level 1.0 Ice Magic
 - Level 3.3 Air Magic
 + Level 3.3 Poison Magic


You couldn't memorise any spells.
You knew the following spells:

 Your Spells              Type           Power        Failure   Level  Hunger
a - Blink                 Tloc           N/A          3%          2    None
b - Shroud of Golubria    Chrm/Tloc      ##........   9%          2    None
c - Venom Bolt            Conj/Pois      ###.......   24%         5    #####..
d - Teleport Other        Tloc           ###.....     6%          3    ##.....
e - Poisonous Vapours     Pois/Air       ###...       6%          2    None
f - Mephitic Cloud        Conj/Pois/Air  ###.....     3%          3    ##.....
g - Bolt of Cold          Conj/Ice       ##........   88%         6    #######


Dungeon Overview and Level Annotations

Branches:
Dungeon (11/15)            Temple (1/1) D:6             Orc (0/2) D:9
   Lair: D:8-11

Altars:
Ashenzari
Cheibriados
Dithmenos
Elyvilon
Fedhas
Gozag
Hepliaklqana
Kikubaaqudgha
Makhleb
Nemelex Xobeh
Okawaru
Qazlal
Ru
Sif Muna
Trog
Uskayaw
Vehumet
Xom
Yredelemnul
Zin
The Shining One


Innate Abilities, Weirdness & Mutations

You are resistant to torment.
Your stone body is resilient. (AC +8)
You are immune to poison.
You resist negative energy. (rN+)
You are resistant to electric shocks. (rElec)
You can survive without breathing.
You are immune to petrification.
You are immune to rotting.
Your mind is acute. (Int +2)
Your muscles are strong. (Str +2)


Message History

You blink.
Casting: Blink
Confirm with . or Enter, or press ? or * to list all spells.
You blink.
Casting: Blink
Confirm with . or Enter, or press ? or * to list all spells.
You blink.
Casting: Blink
Confirm with . or Enter, or press ? or * to list all spells.
You blink.
You see here an arrow.
You see here a giant spiked club.
The white ugly thing barely misses you.
A bullfrog comes into view.
The bullfrog moves out of view.
The white ugly thing punches you! The white ugly thing freezes you!!
* * * LOW HITPOINT WARNING * * *
You see here a yak corpse.
The white ugly thing punches you!
You die...

######.......#######........#.###
..#..#.......#..#..#.......##....
..#.....###..o..#..(.......######
.###.....#.....###........##
......#..#[.#............##
......#######........#####
......#..#..#........#
)........#.....u#################
####....###.....@..<.............
##.........##).###############
#........####................
#.....#### #################
#.....# #.....# #.....# #.....#
#.....#


You could see a white ugly thing and an orc warrior.

Vanquished Creatures
  A two-headed ogre (D:11)
  A centaur warrior (D:10)
  2 unseen horrors (D:10)
  Pikel (D:6)
  A cyclops (D:10)
  A manticore (D:10)
  A gargoyle (D:10)
  6 trolls
  Grinder (D:5)
  Prince Ribbit (D:6)
  7 hippogriffs
  Sigmund (D:3)
  A wraith (D:10)
  3 wyverns (D:10)
  16 yaks
  2 hungry ghosts
  A vampire mosquito (D:10)
  4 orc warriors
  2 black bears
  A hornet zombie (D:9)
  2 sky beasts
  3 ice beasts
  3 necrophages
  2 phantoms
  8 ogres
  3 centaurs
  7 bullfrogs
  An elf zombie (Ossuary)
  Blork the orc (D:4)
  A big kobold (D:9)
  2 gnoll sergeants
  4 scorpions
  2 wyvern skeletons
  2 killer bees (D:7)
  A howler monkey (D:10)
  An electric eel (D:8)
  A bullfrog zombie (D:10)
  4 centaur zombies (Ossuary)
  7 crimson imps
  2 jellies
  A quasit (D:7)
  5 hounds
  A human zombie (Ossuary)
  19 orc wizards
  7 orc priests
  Ijyb (D:7)
  3 bullfrog skeletons
  2 centaur skeletons
  4 iguanas
  11 worker ants
  An ogre zombie (Ossuary)
  2 hound zombies
  2 hound skeletons
  3 worker ant zombies
  7 mummies (Ossuary)
  12 gnolls
  21 adders
  A river rat (D:6)
  A shadow imp (D:8)
  A worm zombie (D:8)
  6 adder zombies
  2 oozes
  2 adder skeletons
  5 worms
  2 dart slugs
  13 leopard geckos
  66 orcs
  5 bats
  13 giant cockroaches
  8 goblins
  9 hobgoblins
  14 jackals
  9 quokkas
  4 ball pythons
  10 frilled lizards
  4 goblin zombies (Ossuary)
  3 hobgoblin zombies (Ossuary)
  2 jackal skeletons
  A jackal zombie (D:9)
  8 kobolds
  3 kobold zombies (Ossuary)
  A leopard gecko zombie (D:6)
  A quokka zombie (Ossuary)
  7 rats
  7 rat zombies (Ossuary)
421 creatures vanquished.

Vanquished Creatures (others)
  A centaur (D:6)
  A worker ant (D:6)
  A shadow imp (D:6)
  An orc (D:8)
  3 plants (D:6)
7 creatures vanquished.

Grand Total: 428 creatures vanquished

Notes
Turn   | Place    | Note
-------+----------+-------------------------------------------
     0 | D:1      | JeffiDaFish the Gargoyle Warper began the quest for the Orb.
     0 | D:1      | Reached XP level 1. HP: 12/12 MP: 3/3
   338 | D:1      | Reached XP level 2. HP: 18/18 MP: 5/5
   521 | D:1      | Learned a level 2 spell: Blink
   819 | D:1      | Gained mutation: Your muscles are strong. (Str +2) [potion of mutation]
   819 | D:1      | Gained mutation: Your mind is acute. (Int +2) [potion of mutation]
   951 | D:1      | Found a glowing golden altar of the Shining One.
  1107 | D:2      | Reached XP level 3. HP: 18/22 MP: 6/6
  1622 | D:2      | Found an opulent altar of Gozag.
  1903 | D:2      | Found a sacrificial altar of Ru.
  1989 | D:2      | Reached XP level 4. HP: 16/27 MP: 7/7
  2216 | D:2      | Reached skill level 3 in Maces & Flails
  2761 | D:3      | Reached XP level 5. HP: 12/32 MP: 8/8
  3106 | D:3      | Noticed Sigmund
  3135 | D:3      | Killed Sigmund
  3135 | D:3      | Reached skill level 4 in Maces & Flails
  3135 | D:3      | Reached XP level 6. HP: 20/37 MP: 9/9
  4303 | D:4      | Found a hide-covered altar of Uskayaw.
  4318 | D:5      | Entered Level 5 of the Dungeon
  4322 | D:5      | Noticed Ijyb
  4326 | D:5      | Noticed an ice beast
  4327 | D:5      | Found a stormy altar of Qazlal.
  4595 | D:5      | Learned a level 2 spell: Shroud of Golubria
  4600 | D:5      | Learned a level 4 spell: Passage of Golubria
  4654 | D:5      | Reached XP level 7. HP: 35/41 MP: 8/10
  4768 | D:4      | Reached skill level 5 in Maces & Flails
  5052 | D:4      | Noticed Blork the orc
  5064 | D:4      | Killed Blork the orc
  5191 | D:4      | Found a basalt altar of Yredelemnul.
  5637 | D:4      | Found a white marble altar of Elyvilon.
  5662 | D:4      | Found a shadowy altar of Dithmenos.
  5669 | D:4      | Found an iron altar of Okawaru.
  5768 | D:5      | Reached skill level 1 in Stealth
  5777 | D:5      | Found a glowing silver altar of Zin.
  5804 | D:5      | Noticed Grinder
  5814 | D:5      | Paralysed by Grinder for 4 turns
  5834 | D:5      | Paralysed by Grinder for 4 turns
  5849 | D:5      | Killed Grinder
  5849 | D:5      | Reached skill level 6 in Maces & Flails
  5849 | D:5      | Reached skill level 1 in Throwing
  5849 | D:5      | Reached XP level 8. HP: 37/48 MP: 12/12
  6137 | D:5      | Learned a level 3 spell: Teleport Other
  6175 | D:5      | Reached skill level 7 in Maces & Flails
  6609 | D:5      | Learned a level 2 spell: Poisonous Vapours
  6763 | D:6      | Reached skill level 5 in Fighting
  6987 | D:6      | Reached XP level 9. HP: 50/54 MP: 13/13
  7007 | D:6      | Noticed Prince Ribbit
  7046 | D:6      | Reached skill level 1 in Poison Magic
  7074 | D:6      | Killed Prince Ribbit
  7160 | D:6      | Found a glowing drain.
  7165 | Sewer    | Entered a sewer
  7980 | D:6      | Noticed Pikel
  8079 | D:6      | Killed Pikel
  8079 | D:6      | Reached skill level 8 in Maces & Flails
  8079 | D:6      | Reached skill level 1 in Air Magic
  8271 | D:6      | Found a staircase to the Ecumenical Temple.
  8277 | Temple   | Entered the Ecumenical Temple
  8505 | Temple   | Became a worshipper of Vehumet
  8856 | D:6      | Reached skill level 5 in Armour
  8892 | D:6      | Learned a level 3 spell: Mephitic Cloud
  9003 | D:7      | Found a glowing silver altar of Zin.
  9003 | D:7      | Found a shimmering altar of Xom.
  9003 | D:7      | Noticed an angel
  9006 | D:7      | Reached XP level 10. HP: 60/60 MP: 16/16
  9012 | D:7      | Reached skill level 5 in Dodging
  9142 | D:7      | Found an ancient bone altar of Kikubaaqudgha.
  9185 | D:7      | Reached * piety under Vehumet
  9185 | D:7      | Offered knowledge of Freeze by Vehumet.
  9310 | D:7      | Killed Ijyb
  9559 | D:7      | Reached skill level 1 in Conjurations
 10139 | D:8      | Reached skill level 1 in Staves
 10272 | D:8      | Reached ** piety under Vehumet
 10272 | D:8      | Offered knowledge of Flame Tongue by Vehumet.
 10402 | D:8      | Found a sand-covered staircase.
 10410 | Ossuary  | Entered an ossuary
 10733 | Ossuary  | Offered knowledge of Searing Ray by Vehumet.
 10912 | Ossuary  | Reached *** piety under Vehumet
 11051 | D:8      | Identified the +2 leather armour of Ennui {rElec} (You found it on level 8 of the Dungeon)
 11196 | D:9      | Learned a level 5 spell: Venom Bolt
 11269 | D:9      | Reached skill level 5 in Spellcasting
 11304 | D:9      | Found a staircase to the Orcish Mines.
 11345 | D:9      | Offered knowledge of Airstrike by Vehumet.
 11637 | D:9      | Reached XP level 11. HP: 63/66 MP: 18/18
 11669 | D:9      | Found a hazy altar of Hepliaklqana.
 11911 | D:9      | Identified the +6 mace of Watchfulness {crush, rElec rN+} (You found it on level 9 of the Dungeon)
 11954 | D:9      | Reached **** piety under Vehumet
 12092 | D:10     | Entered Level 10 of the Dungeon
 12285 | D:10     | Noticed a centaur warrior
 12293 | D:10     | Offered knowledge of Conjure Flame by Vehumet.
 12300 | D:10     | Found a hazy altar of Hepliaklqana.
 12435 | D:10     | Noticed a manticore
 12578 | D:10     | Reached skill level 9 in Maces & Flails
 13219 | D:10     | Reached ***** piety under Vehumet
 13225 | D:10     | Offered knowledge of Bolt of Cold by Vehumet.
 13347 | D:10     | Killed an unseen horror
 13347 | D:10     | Reached skill level 1 in Shields
 13690 | D:10     | Noticed a cyclops
 13769 | D:10     | HP: 3/67 [something (6)]
 13772 | D:10     | Killed an unseen horror
 14040 | D:10     | Killed a cyclops
 14040 | D:10     | Reached skill level 5 in Stealth
 14326 | D:10     | Killed a centaur warrior
 14508 | D:10     | Killed a manticore
 14508 | D:10     | Reached XP level 12. HP: 54/72 MP: 12/21
 14568 | D:10     | Learned a level 6 spell: Bolt of Cold
 14720 | D:10     | Identified the +2 quarterstaff "Wianoa" {crush, SInv} (You found it on level 10 of the Dungeon)
 14845 | D:11     | Noticed a two-headed ogre
 14855 | D:11     | Killed a two-headed ogre
 14881 | D:11     | Reached skill level 5 in Translocations
 14889 | D:11     | Reached skill level 1 in Ice Magic
 15971 | D:10     | Slain by a white ugly thing

Skill      XL: |  1  2  3  4  5  6  7  8  9 10 11 12 |
---------------+-------------------------------------+-----
Dodging        | 2 3 4 5 6 |  6.6
Maces & Flails | 3 4 6 7 8 9 |  9.4
Fighting       | 3 4 5 6 7 |  7.8
Armour         | 2 3 5 6 7 |  7.7
Stealth        | 1 3 4 5 |  5.5
Throwing       | 1 |  1.0
Translocations | 3 4 5 |  5.0
Spellcasting   | 3 4 5 6 |  6.3
Poison Magic   | 2 3 |  3.3
Air Magic      | 1 2 3 |  3.3
Conjurations   | 1 3 |  3.8
Staves         | 2 |  2.9
Shields        | 2 3 |  3.2
Ice Magic      | 1 |  1.0

Action                   |  1- 3 |  4- 6 |  7- 9 | 10-12 || total
-------------------------+-------+-------+-------+-------++-------
Melee: Mace              |   149 |   221 |       |       ||   370
       Flail             |       |     5 |   351 |       ||   356
       Morningstar       |       |       |   195 |   929 ||  1124
       Staff             |       |       |       |    15 ||    15
Throw: Tomahawk          |       |       |     2 |       ||     2
 Cast: Blink             |       |     6 |    13 |    35 ||    54
       Teleport Other    |       |       |     3 |     3 ||     6
       Poisonous Vapours |       |       |     5 |    29 ||    34
       Shroud of Golubri |       |       |     3 |     5 ||     8
       Mephitic Cloud    |       |       |       |    35 ||    35
       Venom Bolt        |       |       |       |     7 ||     7
  Use: Potion            |     3 |     4 |     6 |    10 ||    23
       Scroll            |     7 |     1 |     7 |    11 ||    26
 Stab: Sleeping          |       |     2 |     2 |    19 ||    23
       Confused          |       |       |       |     6 ||     6
       Distracted        |       |       |       |     1 ||     1
  Eat: Chunk             |     3 |     8 |    32 |    39 ||    82
       Royal jelly       |       |       |       |     1 ||     1
Armor: Leather armour    |    63 |   118 |   271 |   632 ||  1084
Dodge: Dodged            |   107 |   207 |   428 |   710 ||  1452
Block: Buckler           |       |       |       |    58 ||    58
